 Dungeon Crawl Stone Soup version 0.29.1-12-g30fa7ad0bf (webtiles) character file.

Game seed: 17660951697433666594

406 LustLizard the Shooter (level 6, 0/30 HPs)
             Began as a Spriggan Hunter on Dec 26, 2022.
             Was a Follower of Dithmenos.
             Slain by a bullfrog (2 damage)
             ... in a sewer.
             The game lasted 00:07:13 (3171 turns).

LustLizard the Shooter (Spriggan Hunter)            Turns: 3171, Time: 00:07:14

Health: 0/30       AC:  3    Str:  7    XL:     6   Next: 56%
Magic:  11/11      EV: 18    Int: 10    God:    Dithmenos [*.....]
Gold:   203        SH:  0    Dex: 21    Spells: 8/10 levels left

rFire   . . .      SeeInvis +   a - +0 shortbow
rCold   . . .      Faith    .   (shield currently unavailable)
rNeg    + . .      Spirit   .   c - +0 robe
rPois   .          Reflect  .   (helmet restricted)
rElec   .          Harm     .   r - +0 cloak
rCorr   .          Rampage  .   (gloves unavailable)
Will    +....                   (boots unavailable)
Stlth   ++++......              (no amulet)
HPRegen 0.10/turn               l - ring of flight
MPRegen 0.12/turn               o - ring of positive energy

@: about to teleport, flying, wreathed by umbra, very quick
A: very small, no large weapons, unfitting armour, see invisible, speed 3
a: Renounce Religion


You were in a sewer.
You worshipped Dithmenos.
Dithmenos was aware of your devotion.
You visited 2 branches of the dungeon, and saw 5 of its levels.
You also visited: Sewer.

You collected 203 gold pieces.

Inventory:

Hand Weapons
 a - a +0 shortbow (weapon)
Missiles
 v - a throwing net
Armour
 c - a +0 robe (worn)
 r - a +0 cloak (worn)
Jewellery
 l - a ring of flight (left hand)
 o - a ring of positive energy (right hand)
Scrolls
 b - a scroll of immolation
 e - 2 scrolls of butterflies {unknown}
 g - a scroll of teleportation
 h - 2 scrolls of magic mapping {unknown}
 n - 4 scrolls of identify {unknown}
 q - a scroll of enchant weapon {unknown}
 t - a scroll of fear {unknown}
 u - a scroll of blinking {unknown}
 x - 2 scrolls of summoning {unknown}
 y - a scroll of noise {unknown}
Potions
 d - 2 potions of magic {unknown}
 f - a potion of flight {unknown}
 i - a potion of ambrosia {unknown}
 j - a potion of mutation {unknown}
 k - 2 potions of degeneration {unknown}
 m - a potion of heal wounds {unknown}
 p - 2 potions of might {unknown}
 s - a potion of attraction {unknown}
 w - a potion of resistance {unknown}
 z - a potion of haste {unknown}


   Skills:
 - Level 1.5 Fighting
 * Level 6.5 Ranged Weapons
 - Level 2.6 Dodging
 + Level 5.7 Stealth
 + Level 2.8 Spellcasting


You had 8 spell levels left.
You knew the following spells:

 Your Spells              Type           Power      Damage    Failure   Level
a - Wereblood             Tmut           1%         N/A       41%         2

Your spell library contained the following spells:

 Spells                   Type           Power      Damage    Failure   Level
 Beastly Appendage        Tmut           2%         N/A       28%         1
 Magic Dart               Conj           4%         1d3       28%         1
 Call Imp                 Summ           1%         N/A       41%         2
 Dazzling Flash           Conj/Hex       2%         N/A       65%         3
 Mephitic Cloud           Conj/Pois/Air  1%         N/A       65%         3
 Spider Form              Tmut/Pois      1%         N/A       65%         3
 Iskenderun's Mystic Bla  Conj/Tloc      1%         2d3       96%         4
 Starburst                Conj/Fire      0%         6d3       100%        6


Dungeon Overview and Level Annotations

Branches:
Dungeon (4/15)             Temple (1/1) D:4           Sewer (1/1)

Altars:
Ashenzari
Cheibriados
Dithmenos
Elyvilon
Fedhas
Gozag
Hepliaklqana
Kikubaaqudgha
Nemelex Xobeh
Qazlal
Sif Muna
Trog
Uskayaw
Yredelemnul
Zin
The Shining One


Innate Abilities, Weirdness & Mutations

You are very small and have problems with some larger weapons.
You are too small for most types of armour.
You have supernaturally acute eyesight. (SInv)
You cover ground extremely quickly. (Speed+++)


Message History

Unknown command.
Fire: a) +0 shortbow
Press: ? - help, Q - select action, (/) - cycle Shift-Dir - straight line, f/p - bullfrog
Aim: a bullfrog (moderately wounded, umbra, 59% to hit)
You shoot an arrow. The arrow hits the bullfrog.
The bullfrog is heavily wounded.
The bullfrog hits you.
Fire: a) +0 shortbow
Press: ? - help, Q - select action, (/) - cycle Shift-Dir - straight line, f/p - bullfrog
Aim: a bullfrog (heavily wounded, umbra, 59% to hit)
You shoot an arrow. The arrow hits the bullfrog.
The bullfrog is severely wounded.
The bullfrog misses you. The bullfrog closely misses you.
Fire: a) +0 shortbow
Press: ? - help, Q - select action, (/) - cycle Shift-Dir - straight line, f/p - bullfrog
Aim: a bullfrog (severely wounded, umbra, 59% to hit)
Okay, then.
As you read the scroll of teleportation, it crumbles to dust.
You feel strangely unstable. The bullfrog misses you.
The bullfrog completely misses you. x2
Fire: a) +0 shortbow
Press: ? - help, Q - select action, (/) - cycle Shift-Dir - straight line, f/p - bullfrog
Aim: a bullfrog (severely wounded, umbra, 59% to hit)
You shoot an arrow. The arrow misses the bullfrog.
The bullfrog hits you. The bullfrog hits you!
* * * LOW HITPOINT WARNING * * *
The bullfrog hits you but does no damage.
Fire: a) +0 shortbow
Press: ? - help, Q - select action, (/) - cycle Shift-Dir - straight line, f/p - bullfrog
Aim: a bullfrog (severely wounded, umbra, 59% to hit)
Okay, then.
Okay, then.
Okay, then.
The bullfrog barely misses you.
Fire: a) +0 shortbow
Press: ? - help, Q - select action, (/) - cycle Shift-Dir - straight line, f/p - bullfrog
Aim: a bullfrog (severely wounded, umbra, 59% to hit)
You shoot an arrow. The arrow barely misses the bullfrog.
The bullfrog hits you.
You die...

#≈≈≈~~~# #≈~.~.≈# #≈
#≈≈≈≈~≈# #~~~~≈≈# #≈
#≈≈~≈~≈# #~~~≈≈≈# #≈
#≈≈≈~≈≈# #≈~~~≈≈# #≈
#≈≈~~~≈# #≈~≈~≈≈# #≈
#≈~~≈~≈# #≈≈≈~~~# #≈
#≈†~~≈≈# #≈≈≈~~~# #≈
#~≈~≈≈~# #####~~~~~≈#
#~ ##..~~##
#.@###~S~~.# ##
#......###FF##S.....#
##......##S##......##
#..†....#S.S......#
##.............†.##
##.......†.....##
######...###### #####


You could see 2 bullfrogs, an adder and a ball python.

Vanquished Creatures
  An ogre (D:4)
  A necrophage (D:4)
  An orc priest (D:3)
  Ijyb (D:2)
  An orc wizard (D:3)
  6 adders
  3 river rats (Sewer)
  2 worms
  4 dart slugs
  3 orcs (D:3)
  5 endoplasms
  4 goblins
  5 hobgoblins
  2 jackals (D:2)
  4 quokkas
  19 ball pythons
  8 bats
  7 frilled lizards
  5 kobolds
  23 rats
105 creatures vanquished.

Notes
Turn   | Place    | Note
-------+----------+-------------------------------------------
     0 | D:1      | LustLizard the Spriggan Hunter began the quest for the Orb.
     0 | D:1      | Reached XP level 1. HP: 10/10 MP: 2/2
     2 | D:1      | Noticed a vine stalker
     2 | D:1      | Noticed a felid
     4 | D:1      | Noticed a palentonga
     4 | D:1      | Noticed a meteoran
     6 | D:1      | Noticed a demigod
     8 | D:1      | Noticed a vampire
     8 | D:1      | Noticed a tengu
    10 | D:1      | Noticed a formicid
    10 | D:1      | Noticed a spriggan
    12 | D:1      | Noticed an octopode
    14 | D:1      | Noticed an ogre
    16 | D:1      | Noticed an elf
    16 | D:1      | Noticed a gargoyle
    18 | D:1      | Noticed a minotaur
    18 | D:1      | Noticed a troll
    20 | D:1      | Noticed a naga
    20 | D:1      | Noticed a demonspawn
    22 | D:1      | Noticed a draconian
    22 | D:1      | Noticed a human
    24 | D:1      | Noticed a merfolk
    24 | D:1      | Noticed a ghoul
    26 | D:1      | Noticed a draconian
    26 | D:1      | Noticed an ogre
   603 | D:1      | Reached XP level 2. HP: 14/14 MP: 3/3
  1228 | D:2      | Reached XP level 3. HP: 13/18 MP: 4/4
  1475 | D:2      | Found a faded altar of an unknown god.
  1550 | D:2      | Reached skill level 5 in Ranged Weapons
  1714 | D:3      | Noticed Ijyb
  1731 | D:2      | Killed Ijyb
  1732 | D:2      | Reached XP level 4. HP: 14/22 MP: 5/5
  1908 | D:3      | Learned a level 2 spell: Wereblood
  2267 | D:3      | Reached skill level 1 in Spellcasting
  2267 | D:3      | Reached XP level 5. HP: 25/25 MP: 7/7
  2485 | D:4      | Noticed an ogre
  2498 | D:4      | Found a glowing golden altar of the Shining One.
  2499 | D:4      | Killed an ogre
  2500 | D:4      | Reached skill level 6 in Ranged Weapons
  2500 | D:4      | Reached skill level 5 in Stealth
  2559 | D:4      | Reached XP level 6. HP: 23/30 MP: 10/10
  2622 | D:4      | Found a glowing drain.
  2703 | D:4      | Found a staircase to the Ecumenical Temple.
  2716 | Temple   | Entered the Ecumenical Temple
  2748 | Temple   | Became a worshipper of Dithmenos the Shadowed
  2855 | Sewer    | Entered a sewer
  2952 | Sewer    | Reached * piety under Dithmenos
  3171 | Sewer    | Slain by a bullfrog

Illustrated notes

Levels and vault maps discovered:
D:1:      kb_arrival_jail, layout_loops_corners
D:2:      layout_basic, dilly_ecumenical_altar_fadedgnrine
D:3:      layout_loops_cross, uniq_ijyb
D:4:      layout_loops_ring, mainiacjoe_overflow_boulevard,
          minmay_temple_entry_crystal_x, portal_sewer_entry_d
Temple:   nicolae_temple_bog_church
Sewer:    sewer_minmay_w

Skill      XL: |  1  2  3  4  5 |
---------------+----------------+-----
Stealth        | 2 3 4 5 |  5.7
Ranged Weapons | 5 6 |  6.5
Spellcasting   | 1 2 |  2.8
Fighting       | |  1.5
Dodging        | |  2.6

Action                   |  1- 3 |  4- 6 || total
-------------------------+-------+-------++-------
 Fire: Shortbow          |   100 |   161 ||   261
  Use: Scroll            |       |     2 ||     2
Armor: Robe              |     2 |     7 ||     9
Dodge: Dodged            |    36 |    85 ||   121
